 Dungeon Crawl Stone Soup version 0.21.1-1-g345015f (webtiles) character file.

464 shakethe the Digger (level 7, -2/36 HPs)
             Began as a Gargoyle Earth Elementalist on Feb 5, 2018.
             Slain by a yak (13 damage)
             ... on level 2 of the Dungeon.
             The game lasted 00:19:44 (2993 turns).

shakethe the Digger (Gargoyle Earth Elementalist)   Turns: 2993, Time: 00:19:45

Health: -2/36      AC:  7    Str: 12    XL:     7   Next: 8%
Magic:  13/13      EV: 12    Int: 17    God:
Gold:   286        SH:  0    Dex: 10    Spells: 10/14 levels left

rFire    . . .     SeeInvis .   r - +0 whip
rCold    . . .     Gourm    .   (no shield)
rNeg     + . .     Faith    .   c - +0 robe
rPois    ∞         Spirit   .   (no helmet)
rElec    +         Reflect  .   q - +0 cloak
rCorr    .         Harm     .   (no gloves)
MR       .....                  (no boots)
Stlth    ++........             (no amulet)
HPRegen  0.12/turn              (no ring)
MPRegen  0.13/turn              (no ring)

@: no status effects
A: negative energy resistance 1, electricity resistance, unbreathing,
petrification resistance, rot immunity, AC +4
a: no special abilities


You were on level 2 of the Dungeon.
You were not hungry.

You visited 2 branches of the dungeon, and saw 6 of its levels.

You collected 286 gold pieces.

Inventory:

Hand Weapons
 r - a +0 whip (weapon)
Missiles
 b - 145 stones (quivered)
Armour
 c - a +0 robe (worn)
 n - a scarf of repulsion
 q - a +0 cloak (worn)
Jewellery
 f - an uncursed amulet of faith {:sqaqififaiqa:sqaqififaiqa:sqaififaiqa:sqaqififaiqa:sqaqififaiqa:sqaqififaiqaa}
Scrolls
 g - a scroll of amnesia {unknown}
 h - a scroll of identify {unknown}
 l - 2 scrolls of remove curse {unknown}
 m - 2 scrolls of blinking {unknown}
Potions
 a - a potion of brilliance {unknown}
 i - a potion of haste
 j - 3 potions of mutation {unknown}
 k - 2 potions of invisibility {unknown}
 o - a potion of magic {unknown}
 p - 2 potions of curing {unknown}
Books
 e - a book of Geomancy

   Spells                             Type                      Level
   a - Sandblast                      Earth                        1
   b - Passwall                       Transmutation/Earth          2
   c - Stone Arrow                    Conjuration/Earth            3
   d - Petrify                        Transmutation/Earth          4
   e - Lee's Rapid Deconstruction     Earth                        5
Comestibles
 d - 6 rations
 s - a chunk of flesh


   Skills:
 - Level 1.5 Dodging
 - Level 2.1 Stealth
 + Level 4.1 Spellcasting
 + Level 3.7 Conjurations
   Level 0.7 Transmutations
 + Level 6.5 Earth Magic


You had 10 spell levels left.
You knew the following spells:

 Your Spells              Type           Power        Failure   Level  Hunger
a - Sandblast             Erth           ####..       1%          1    None
b - Stone Arrow           Conj/Erth      ###...       5%          3    ###....


Dungeon Overview and Level Annotations

Branches:
Dungeon (5/15)             Temple (1/1) D:4

Altars:
Ashenzari
Cheibriados
Elyvilon
Fedhas
Gozag
Hepliaklqana
Kikubaaqudgha
Makhleb
Qazlal
Ru
Sif Muna
Trog
Uskayaw
Wu Jian
Yredelemnul
Zin
The Shining One

Shops:
D:4 *


Innate Abilities, Weirdness & Mutations

You are resistant to torment.
Your stone body is resilient. (AC +4)
You are immune to poison.
You resist negative energy. (rN+)
You are resistant to electric shocks. (rElec)
You can survive without breathing.
You are immune to petrification.
You are immune to rotting.


Message History

The yak gores you! The yak closely misses you.
The yak bellows!
The yak gores you.
There is a stone staircase leading up here.
The yak gores you.
You climb upwards.
There is a stone staircase leading down here.
The yak gores you.
You see here a ring mail.
There is a stone staircase leading up here.
The yak gores you!
* * * LOW HITPOINT WARNING * * *
You climb upwards.
There is a stone staircase leading down here.
The yak barely misses you.
Search for what [Enter for "altar", or ? for help]? hatch Can't find anything matching that.
The yak gores you!
You die...

################.......#
#..........# ##......#
#..........# ##.....##
#.<........# #......#
#########..........# ##...##.#
.......##.....##.### #..#..#..
#...#..##.###.##.#### #[##....#
......_#.........Y.>#####.##.##..
#...#..#.####...@....##...##...#.
.......#.# #.........#########.##
########## #........##...## #.##
.....#.# #.......##.....####...
.....#.# #.......#.......##...#
.#.....#####..........._...#..#..
.#....§§..###......#.......#.###.
.##..^≈^^...≈≈.....##.....##.# #.
.##.^###..^^.§§.....##...###.# ##


You could see a yak.

Vanquished Creatures
  A hungry ghost (D:3)
  2 big kobolds
  2 hounds (D:4)
  A bullfrog skeleton (D:4)
  4 adders
  3 oozes
  An adder skeleton (D:4)
  2 worms (D:3)
  A dart slug (D:2)
  2 leopard geckos
  3 orcs (D:4)
  3 giant cockroaches
  4 goblins
  3 hobgoblins
  10 kobolds
  A quokka (D:4)
  A bat (D:2)
  5 frilled lizards
  3 rats
52 creatures vanquished.

Notes
Turn   | Place    | Note
-------+----------+-------------------------------------------
     0 | D:1      | shakethe the Gargoyle Earth Elementalist began the quest for the Orb.
     0 | D:1      | Reached XP level 1. HP: 10/10 MP: 3/3
   196 | D:1      | Reached skill level 4 in Earth Magic
   234 | D:1      | Reached XP level 2. HP: 15/15 MP: 3/5
   597 | D:1      | You fall through a shaft!
   632 | D:2      | Found a stormy altar of Qazlal.
  1072 | D:2      | Reached XP level 3. HP: 19/19 MP: 3/6
  1206 | D:2      | Found an ancient bone altar of Kikubaaqudgha.
  1294 | D:2      | Learned a level 3 spell: Stone Arrow
  1329 | D:2      | Found an opulent altar of Gozag.
  1537 | D:3      | Found a blossoming altar of Fedhas.
  1583 | D:3      | Reached skill level 5 in Earth Magic
  1716 | D:3      | Reached XP level 4. HP: 24/24 MP: 5/8
  1891 | D:3      | Noticed a hungry ghost
  1948 | D:3      | Killed a hungry ghost
  1948 | D:3      | Reached XP level 5. HP: 28/28 MP: 1/10
  2062 | D:3      | You fall through a shaft for 2 floors!
  2062 | D:5      | Entered Level 5 of the Dungeon
  2125 | D:4      | Reached XP level 6. HP: 26/32 MP: 4/11
  2140 | D:4      | Found a staircase to the Ecumenical Temple.
  2210 | Temple   | Entered the Ecumenical Temple
  2395 | Temple   | Reached skill level 6 in Earth Magic
  2570 | D:4      | Found Poxkomut's Elemental Accessories.
  2806 | D:4      | Reached XP level 7. HP: 36/36 MP: 9/13
  2889 | D:4      | Noticed a yak
  2889 | D:4      | Noticed a yak
  2896 | D:4      | Noticed a yak
  2897 | D:4      | Noticed a yak
  2932 | D:4      | Noticed a yak
  2993 | D:2      | Slain by a yak

Skill      XL: |  1  2  3  4  5  6 |
---------------+-------------------+-----
Earth Magic    | 4 5 6 |  6.5
Spellcasting   | 3 4 |  4.1
Conjurations   | 2 3 |  3.7
Dodging        | |  1.5
Stealth        | |  2.1
Transmutations | |  0.7

Action                   |  1- 3 |  4- 6 |  7- 9 || total
-------------------------+-------+-------+-------++-------
Melee: Unarmed           |    13 |       |       ||    13
       Whip              |    11 |    19 |       ||    30
Throw: Stone             |       |     4 |       ||     4
 Cast: Sandblast         |    41 |    38 |     6 ||    85
       Stone Arrow       |       |     7 |       ||     7
  Use: Potion            |       |     3 |       ||     3
  Eat: Chunk             |     3 |     4 |     1 ||     8
Armor: Robe              |     7 |    16 |       ||    23
Dodge: Dodged            |    26 |    24 |     5 ||    55
       Deflected         |     8 |     1 |       ||     9
